 Dungeon Sprint DCSS version 0.28.0-43-g3370ac3207 (webtiles) character file.

Game seed: 12128381155594078398

5882 boopmooplesden the Tortoise (level 10, -1/106 HPs)
             Began as a Minotaur Fighter on Mar 6, 2022.
             Was a Priest of Okawaru.
             Succumbed to barbed spike wounds
             ... in the Dungeon (Sprint II: "The Violet Keep of Menkaure").
             The game lasted 00:04:48 (2068 turns).

boopmooplesden the Tortoise (Minotaur Fighter)      Turns: 2068, Time: 00:04:49

Health: -1/106     AC:  0    Str: 24    XL:     10   Next: 52%
Magic:  9/10       EV: 18    Int:  5    God:    Okawaru [***...]
Gold:   587        SH:  0    Dex: 11    Spells: 9/9 levels left

rFire   . . .      SeeInvis .     - Unarmed
rCold   . . .      Faith    .   (shield currently unavailable)
rNeg    . . .      Spirit   .   (armour currently unavailable)
rPois   .          Reflect  .   (helmet currently unavailable)
rElec   .          Harm     .   (cloak currently unavailable)
rCorr   .          Rampage  .   (gloves currently unavailable)
Will    .....      NoTele   +   (boots currently unavailable)
Stlth   +++.......              (no amulet)
HPRegen 0.27/turn               (ring currently unavailable)
MPRegen 0.12/turn               (ring currently unavailable)

@: pig-form, heroic, spiked, slowed
A: fast, no casting, small, (horns 2), (retaliatory headbutt)
a: Renounce Religion, Heroism


You were in the Dungeon.
You worshipped Okawaru.
Okawaru was most pleased with you.
You were a filthy swine.
You visited 1 branch You collected 1166 gold pieces.
You spent 579 gold pieces at shops.

Inventory:

Hand Weapons
 a - a +0 long sword (melded)
 l - a +3 great sword of flaming
Missiles
 n - 6 boomerangs of dispersal (quivered)
Armour
 b - a +0 scale mail
 c - a +0 buckler (melded)
 d - the +0 chain mail of Daffodils (melded) {rElec rN+}
   (You bought it in a shop in the Dungeon)

   rElec:     It insulates you from electricity.
   rN:        It protects you from negative energy.
 k - the +1 pair of boots of Greed (melded) {Int+4}
   (You bought it in a shop in the Dungeon)

   Int:       It affects your intelligence (+4).
Jewellery
 t - a ring of resist corrosion
 v - a ring of protection from cold (melded)
 z - a ring of see invisible (melded)
Scrolls
 j - a scroll of blinking
 o - a scroll of magic mapping
 x - a scroll of fog
 y - a scroll of immolation
Potions
 e - a potion of curing
 g - a potion of haste
 h - 5 potions of magic
 p - 5 potions of flight
 q - 3 potions of resistance
 s - 2 potions of lignification
 w - a potion of mutation
 A - a potion of might


   Skills:
 + Level 15.5(20.5) Fighting
 + Level 14.3(19.3) Long Blades
 + Level 15.8(20.8) Armour
 + Level 5.1(10.1) Dodging
 + Level 0.1(5.1) Stealth
 + Level 14.7(19.7) Shields
 + Level 2.1 Invocations


You had 9 spell levels left.
You didn't know any spells.
Your spell library was empty.

Dungeon Overview and Level Annotations

Branches:
Dungeon (1/1)

Altars:
Cheibriados
Dithmenos
Elyvilon
Fedhas
Gozag
Hepliaklqana
Kikubaaqudgha
Makhleb
Nemelex Xobeh
Okawaru
Qazlal
Ru
Sif Muna
Trog
Uskayaw
Vehumet
Wu Jian
Xom
Yredelemnul
Zin
The Shining One
Beogh
Jiyva
Lugonu

Shops:
D [:!(([!=(:[=![?

Annotations:
D exclusion: oklob plant, Kirke, Roxanne


Innate Abilities, Weirdness & Mutations

You are a filthy swine.
You move quickly.
Your equipment is almost entirely melded.
You are incapable of wielding weapons or throwing items.
You cannot cast spells.
((You have a pair of horns on your head.))
((You reflexively headbutt those who attack you in melee.))


Message History

Kirke gestures at you while chanting.
You feel yourself slow down.
The yaktaur captain wields a +0 arbalest.
The yaktaur captain shoots a bolt.
The bolt hits you!!
You barely miss Kirke. Kirke gestures at you while chanting.
You turn into a filthy swine.
Your +0 long sword melds into your body.
The +1 pair of boots of Greed {Int+4} melds into your body.
Your +0 buckler melds into your body.
The +0 chain mail of Daffodils {rElec rN+} melds into your body.
Your ring of protection from cold melds into your body.
Your ring of see invisible melds into your body.
You barely miss Kirke. Kirke hits you!!
You hit Kirke.
Kirke is lightly wounded.
The kobold demonologist gestures wildly while chanting.
Kirke hits you!
* * * LOW HITPOINT WARNING * * *
You hit Kirke.
Kirke is lightly wounded.
Kirke closely misses you. Kirke hits you.
* * * LOW HITPOINT WARNING * * *
You barely miss Kirke.
Kirke is lightly wounded.
Kirke closely misses you.
The red devil hits you from afar with a +0 trident!!
* * * LOW HITPOINT WARNING * * *
Barbed spikes become lodged in your body.
The barbs in your skin will harm you if you move.
Continue? [Y]es or [N]o only, please.
The barbs in your skin will harm you if you move.
Continue?
Okay, then.
The barbs in your skin will harm you if you move.
Continue? [Y]es or [N]o only, please.
The barbs in your skin will harm you if you move.
Continue? [Y]es or [N]o only, please.
The barbs in your skin will harm you if you move.
Continue?
The barbed spikes dig painfully into your body as you move.
You die...

,,,**,,@**##≈,≈.≈.≈§≈**≈,,,***,#°
,,,,*,,Kc.≈##,≈≈.≈.,**,≈,,,,,**#○
##########z≈#+++#+++##***^,,,*,*#
#########≈≈≈..KcK....#,,+^,,,*,,#
...∩....#≈≈≈≈.##'##..#,,****,*,,#
..∩.∩...#≈≈≈≈##.#.##.####,,+.##.#
...∩.∩..#≈≈≈≈#.@#.4#,...#,,*...##
....∩.⌠.#≈≈#####.#####..##**#^^##
...∩.∩..#≈##.#*#h###.##..#,,+..#.
..∩.∩...#≈#.#.##.##...#..#,,#..#.
.∩.∩....'≈†###'.<.')#.+..####..##
∩.∩.....#≈#.#.##.##...#....###.^.
▓▓▓▓▓▓###≈##.###'###.##......≈≈≈)
!ss######≈≈####.#.####≈≈.§...≈#'#
).h#Y.+,##≈≈≈#..#..#≈≈≈≈≈≈≈..≈#..
∩P$+))#+*#†#≈##...##≈≈≈§§≈≈≈.≈#..
!$.#$##≈##(#≈≈##+##≈≈≈§§§≈§§≈≈#..


You could see Kirke.

Vanquished Creatures
  A kraken (D)
  A merfolk siren (D)
  A yaktaur (D)
  3 polar bears (D)
  A hornet (D)
  12 flying skulls (D)
  2 wyverns (D)
  A vampire mosquito (D)
  5 water moccasins (D)
  4 necrophages (D)
  4 scorpions (D)
  3 tentacles (D)
38 creatures vanquished.

Vanquished Creatures (others)
  Menkaure (D)
  20 tentacles (D)
21 creatures vanquished.

Grand Total: 59 creatures vanquished

Notes
Turn   | Place    | Note
-------+----------+-------------------------------------------
     0 | D        | boopmooplesden the Minotaur Fighter began the quest for the
                  | Orb.
     0 | D        | Reached XP level 1. HP: 19/19 MP: 0/0
     1 | D        | Noticed a scorpion
     1 | D        | Noticed a scorpion
     3 | D        | Killed a scorpion
     4 | D        | Reached XP level 2. HP: 30/30 MP: 1/1
     4 | D        | Reached XP level 3. HP: 37/37 MP: 2/2
     6 | D        | Killed a scorpion
     7 | D        | Reached XP level 4. HP: 29/47 MP: 3/3
     8 | D        | Noticed a scorpion
     8 | D        | Noticed a scorpion
    12 | D        | Killed a scorpion
    13 | D        | Reached XP level 5. HP: 23/53 MP: 4/4
    14 | D        | Reached skill level 5 in Long Blades
    74 | D        | Killed Menkaure
   190 | D        | Noticed a merfolk siren
   210 | D        | Killed a merfolk siren
   211 | D        | Reached skill level 10 in Fighting
   211 | D        | Reached skill level 10 in Armour
   211 | D        | Reached skill level 10 in Shields
   211 | D        | Reached XP level 6. HP: 48/67 MP: 5/5
   211 | D        | Reached XP level 7. HP: 52/73 MP: 6/6
   305 | D        | Noticed a wyvern
   305 | D        | Noticed a wyvern
   308 | D        | Killed a wyvern
   311 | D        | Killed a wyvern
   453 | D        | Reached XP level 8. HP: 78/85 MP: 7/7
   462 | D        | Reached skill level 1 in Dodging
   476 | D        | Found Miaryi's Magic Scroll Emporium.
   476 | D        | Found Ycuss's Jewellery Shoppe.
   476 | D        | Found Peorol's Antique Armour Shoppe.
   476 | D        | Found Bysipho's Armour Emporium.
   477 | D        | Found Heimm's Distillery.
   477 | D        | Found Bozapp's Antique Weapon Shoppe.
   477 | D        | Found Nifeicw's Jewellery Emporium.
   477 | D        | Found Kufiner's Distillery.
   478 | D        | Found Onufuer's Weapon Shoppe.
   478 | D        | Found Willaguy's Book Emporium.
   478 | D        | Found Ogienkaf's Antique Armour Emporium.
   478 | D        | Found Maev's Antique Weapon Shoppe.
   655 | D        | Found Qinliur's Distillery.
   655 | D        | Noticed an oklob plant
   656 | D        | Found Dal Zogh's Antique Armour Shoppe.
   656 | D        | Found Ruwot's Book Shoppe.
   657 | D        | Noticed a polar bear
   657 | D        | Noticed a polar bear
   662 | D        | Bought a heavily runed chain mail for 209 gold pieces
   662 | D        | Identified the +0 chain mail of Daffodils {rElec rN+} (You
                  | bought it in a shop in the Dungeon)
   662 | D        | Bought a pair of translucent boots for 209 gold pieces
   662 | D        | Identified the +1 pair of boots of Greed {Int+4} (You
                  | bought it in a shop in the Dungeon)
   685 | D        | Bought a runed great sword for 161 gold pieces
   692 | D        | Noticed a death yak
   719 | D        | Found a snail-covered altar of Cheibriados.
   720 | D        | Found a shadowy altar of Dithmenos.
   720 | D        | Found a viscous altar of Jiyva.
   721 | D        | Found a white marble altar of Elyvilon.
   721 | D        | Found an ancient bone altar of Kikubaaqudgha.
   721 | D        | Found a hazy altar of Hepliaklqana.
   721 | D        | Found a sacrificial altar of Ru.
   722 | D        | Found a blossoming altar of Fedhas.
   722 | D        | Found a corrupted altar of Lugonu.
   722 | D        | Found a shimmering blue altar of Sif Muna.
   723 | D        | Found an opulent altar of Gozag.
   723 | D        | Found a burning altar of Makhleb.
   723 | D        | Found a bloodstained altar of Trog.
   724 | D        | Found a sparkling altar of Nemelex Xobeh.
   724 | D        | Found a hide-covered altar of Uskayaw.
   725 | D        | Found a basalt altar of Yredelemnul.
   726 | D        | Found an iron altar of Okawaru.
   726 | D        | Found a radiant altar of Vehumet.
   726 | D        | Found a glowing silver altar of Zin.
   726 | D        | Found a shimmering altar of Xom.
   726 | D        | Noticed a hornet
   726 | D        | Noticed a polar bear
   726 | D        | Noticed a polar bear
   727 | D        | Found a stormy altar of Qazlal.
   727 | D        | Found an ornate altar of the Wu Jian Council.
   727 | D        | Found a glowing golden altar of the Shining One.
   727 | D        | Noticed a yaktaur
   736 | D        | Became a worshipper of Warmaster Okawaru
   748 | D        | Killed a yaktaur
   749 | D        | Reached skill level 10 in Long Blades
   751 | D        | Killed a hornet
   751 | D        | Reached * piety under Okawaru
   752 | D        | Reached XP level 9. HP: 94/94 MP: 8/8
   757 | D        | Killed a polar bear
   759 | D        | Killed a polar bear
   762 | D        | Noticed a polar bear
   773 | D        | Killed a polar bear
   849 | D        | Noticed a kraken
   869 | D        | Reached ** piety under Okawaru
  1297 | D        | Reached XP level 10. HP: 16/104 MP: 7/9
  1303 | D        | Reached skill level 1 in Invocations
  1310 | D        | HP: 3/104 [flying skull (10)]
  1314 | D        | Reached skill level 15 in Fighting
  1322 | D        | Reached skill level 15 in Armour
  1333 | D        | Reached *** piety under Okawaru
  1334 | D        | Reached skill level 5 in Dodging
  1726 | D        | Killed a kraken
  1726 | D        | Reached **** piety under Okawaru
  2043 | D        | Noticed Roxanne
  2047 | D        | Noticed Kirke
  2047 | D        | Noticed a yaktaur captain
  2059 | D        | Noticed a skeletal warrior
  2067 | D        | HP: 4/106 [red devil/+0 trident[a kobold demonologist]
                  | (18)]
  2068 | D        | Succumbed to barbed spike wounds

Illustrated notes

Levels and vault maps discovered:
D:        the_violet_keep_of_menkaure [sprint2_stairs_cluster_1,
          sprint2_shoproom, sprint2_temple, sprint2_basic_supplies,
          sprint2_obstacle_3, sprint2_obstacle_1, sprint2_obstacle_6,
          sprint2_obstacle_5, sprint2_obstacle_4, sprint2_timed_cluster_1,
          sprint2_smallroom_cluster_1, sprint2_smallroom_final_cluster_1,
          sprint2_transparent_cluster_1, sprint2_second_timed_cluster_1,
          sprint2_sniper_area_1, sprint2_heavy_combat_area_1,
          sprint2_mutation_trap_area_1, sprint2_forest_area_1,
          sprint2_light_combat_area_1, sprint2_behind_water_1,
          sprint2_near_end_vault_1]

Skill      XL: |  1  2  3  4  5  6  7  8  9 10 |
---------------+-------------------------------+-----
Fighting       | 6 7 8 10 12 13 14 15 | 15.5
Long Blades    | 3 4 6 8 10 13 14 | 14.3
Armour         | 6 7 8 10 11 12 14 15 | 15.8
Shields        | 6 7 10 11 12 13 14 | 14.7
Dodging        | 2 4 5 |  5.1
Invocations    | 2 |  2.1
Stealth        | |  0.1

Action                   |  1- 3 |  4- 6 |  7- 9 | 10-12 || total
-------------------------+-------+-------+-------+-------++-------
Melee: Long sword        |     4 |    23 |   160 |    50 ||   237
       Headbutt          |     1 |     4 |    25 |    12 ||    42
       Unarmed           |       |       |       |     4 ||     4
Invok: Heroism           |       |       |     3 |     4 ||     7
  Use: Potion            |     1 |       |     2 |     3 ||     6
       Scroll            |       |       |       |    12 ||    12
Armor: Scale mail        |       |     2 |     7 |       ||     9
       Chain mail        |       |       |    70 |    17 ||    87
Dodge: Dodged            |     2 |     5 |    71 |    23 ||   101
Block: Buckler           |       |     3 |    52 |    15 ||    70
